 Dungeon Crawl Stone Soup version bcrawl-1.27.6 (webtiles) character file.

Game seed: 3589644782569717529

112269 Faustar the Cudgeler (level 4, -3/40 HPs)
             Began as a Centaur Archaeologist on Oct 5, 2020.
             Killed from afar by an orc wizard (7 damage)
             ... with a puff of flame
             ... on level 3 of the Dungeon.
             The game lasted 00:05:32 (3065 turns).

Faustar the Cudgeler (Centaur Archaeologist)        Turns: 3065, Time: 00:05:33

Health: -3/40      AC:  6    Str: 17    XL:     4   Next: 88%
Magic:  4/4        EV: 10    Int: 14    God:
Gold:   125        SH:  0    Dex:  7    Spells: 3/3 levels left

rFire    . . .     SeeInvis .   a - +0 flail
rCold    . . .     Gourm    .   (no shield)
rNeg     . . .     Faith    .   r - +1 robe
rPois    .         Spirit   .   c - +1 hat
rElec    .         Reflect  .   (no cloak)
rCorr    .         Harm     .   (no gloves)
MR       .....                  (no barding)
Stlth    +.........             (no amulet)
HPRegen  0.13/turn              (no ring)
MPRegen  0.09/turn              (no ring)

@: lethally poisoned (-3 -> -44), very quick
A: large, hooves 3, deformed body, herbivore, speed 2, tough skin 3
a: no special abilities


You were on level 3 of the Dungeon.
You were not hungry.

You visited 1 branch of the dungeon, and saw 3 of its levels.

You collected 125 gold pieces.

Inventory:

Hand Weapons
 a - a +0 flail (weapon)
 b - a +0 hunting sling
 o - a +0 whip
Missiles
 s - 298 stones (quivered)
Armour
 c - a +1 hat (worn)
 d - a +1 robe
 r - a +1 robe (worn)
Scrolls
 g - 2 scrolls of magic mapping
 j - 5 scrolls of teleportation {unknown}
 n - a scroll of enchant armour {unknown}
 q - 2 scrolls of identify
 t - a scroll of amnesia {unknown}
 u - a scroll of remove curse {unknown}
 v - a scroll of blinking {unknown}
Potions
 h - a potion of lignification {unknown}
 i - a potion of ambrosia {unknown}
 k - a potion of degeneration {unknown}
 l - a potion of haste {unknown}
 m - 2 potions of curing {unknown}
 p - a potion of agility {unknown}
Miscellaneous
 f - a dusty tome
Comestibles
 e - 3 rations {!d}


   Skills:
 + Level 3.7 Fighting
 + Level 3.7 Maces & Flails
 - Level 2.1 Dodging
 - Level 2.0 Stealth


You had 3 spell levels left.
You didn't know any spells.
Your spell library was empty.

Dungeon Overview and Level Annotations

Branches:
Dungeon (3/12)

Altars:


Innate Abilities, Weirdness & Mutations

You have hooves in place of feet.
Armour fits poorly on your strangely shaped body.
You are a herbivore.
You cover ground very quickly.
You have extremely tough skin. (AC +3)


Message History

You feel sick. The orc wizard barely misses you.
The orc wizard hits you but does no damage.
You are lethally poisoned!
You closely miss the orc wizard. Your kick misses the orc wizard.
The orc wizard is moderately wounded.
You feel sick.
The orc wizard points at you and mumbles some strange words.
The puff of frost hits you!
* * * LOW HITPOINT WARNING * * *
The orc wizard hits you but does no damage.
You are more poisoned.
You barely miss the orc wizard. You kick the orc wizard.
The orc wizard is heavily wounded.
* * * LOW HITPOINT WARNING * * *
You feel very sick.
The orc wizard hits you but does no damage.
You are more poisoned.
The orc wizard casts a spell at you. The puff of flame hits you!
You die...

#..........#..#
#..........#.##
#..........#[#
#............#
#..........### ###
##........## #..
#..........# #..
#.....o....#### #..
#....@........## #..
#.<........##..#####..
#..........###....##..
##..^....>## ####.##..
##......#######......
#########......#^###
#...######.###
##..######...#
##.....####..


You could see an orc wizard.

Vanquished Creatures
  An adder (D:3)
  2 oozes (D:2)
  4 worms
  4 dart slugs
  A leopard gecko (D:1)
  5 orcs
  12 bats
  7 giant cockroaches
  9 goblins
  12 hobgoblins
  5 jackals
  2 quokkas (D:2)
  3 frilled lizards
  8 kobolds
  4 rats (D:1)
79 creatures vanquished.

Notes
Turn   | Place    | Note
-------+----------+-------------------------------------------
     0 | D:1      | Faustar the Centaur Archaeologist began the quest for the
                  | Orb.
     0 | D:1      | Reached XP level 1. HP: 16/16 MP: 1/1
   121 | D:1      | Reached XP level 2. HP: 10/24 MP: 2/2
   660 | D:1      | Reached XP level 3. HP: 30/30 MP: 3/3
  1578 | D:2      | Reached XP level 4. HP: 36/38 MP: 4/4
  3065 | D:3      | Killed from afar by an orc wizard

Skill      XL: |  1  2  3 |
---------------+----------+-----
Fighting       | 2 3 |  3.7
Maces & Flails | 2 3 |  3.7
Dodging        | |  2.1
Stealth        | |  2.0

Action                   |  1- 3 |  4- 6 || total
-------------------------+-------+-------++-------
Melee: Whip              |   207 |    25 ||   232
       Kick              |    33 |    17 ||    50
       Flail             |       |    70 ||    70
 Fire: Hunting sling     |       |    46 ||    46
  Eat: Ration            |     1 |     3 ||     4
Armor: Robe              |   102 |    42 ||   144
Dodge: Dodged            |   143 |    55 ||   198
